cohdb
Replays
Latest Replays
All Replays
Popular Replays
Top Player Replays
Match Explorer
How It Works
Community
CoH3 Stats
Reddit
Sign in to upload your games and track your stats! →
Sign in with Steam
Match 42885088
Unlisted
Match 42885088
Overview
Messages
Build Orders
End
Construct Barracks
Scout Squad
Riflemen Squad
Riflemen Squad
Grenade Package
Riflemen Squad
Infantry Support Center
Construct Medical Station
Riflemen Squad
M1918 Browning Automatic Rifles
Munitions Surplus
Riflemen Squad
Survival Training
Construct Motor Pool
Lordofbeast4
Fajolada
0
0
Comments
sign in to comment!
No comments posted yet!